 Dungeon Crawl Stone Soup version 0.30-a0-165-g1891117ce2 (webtiles) character file.

Game seed: 8559049460701618333

18 Sobieck the Sneak (level 2, -3/15 HPs)
             Began as a Kobold Earth Elementalist on Sept 28, 2022.
             Constricted to death by Terence (5 damage)
             ... on level 2 of the Dungeon.
             The game lasted 00:01:22 (854 turns).

Sobieck the Sneak (Kobold Earth Elementalist)        Turns: 854, Time: 00:01:22

Health: -3/15      AC:  2    Str:  5    XL:     2   Next: 90%
Magic:  1/5        EV: 12    Int: 16    God:
Gold:   48         SH:  0    Dex: 15    Spells: 3/6 levels left

rFire   . . .      SeeInvis .    e - +0 short sword {short}
rCold   . . .      Faith    .    (no shield)
rNeg    . . .      Spirit   .    a - +0 robe
rPois   .          Reflect  .    (no helmet)
rElec   .          Harm     .    (no cloak)
rCorr   .          Rampage  .    (no gloves)
Will    .....                    (no boots)
Stlth   +++.......               (no amulet)
HPRegen 0.05/turn                (no ring)
MPRegen 0.09/turn                (no ring)

@: grasped by roots, constricted
A: small, no large weapons, nightstalker 3
a: no special abilities


You were on level 2 of the Dungeon.
You visited 1 branch of the dungeon, and saw 2 of its levels.

You collected 48 gold pieces.


Innate Abilities, Weirdness & Mutations

You are small and have problems with some larger weapons.
You are completely attuned to the shadows.


   Skills:
 - Level 2.4 Dodging
 + Level 3.4 Stealth
 + Level 2.6 Spellcasting
 - Level 1.0 Transmutations
 + Level 3.3 Earth Magic


You had 3 spell levels left.
You knew the following spells:

 Your Spells              Type           Power      Damage    Failure   Level
a - Sandblast             Erth           24%        2d8       4%          1
b - Passwall              Tmut/Erth      6%         N/A       12%         2

Your spell library contained the following spells:

 Spells                   Type           Power      Damage    Failure   Level
 Stone Arrow              Conj/Erth      14%        3d7       30%         3
 Petrify                  Tmut/Erth      8%         N/A       63%         4

Inventory:

Hand Weapons
 e - a +0 short sword (weapon) {short}
   (You took it off a kobold on level 1 of the Dungeon)
Missiles
 d - 12 stones {throwing}
 f - 3 poisoned darts {throwing}
Armour
 a - a +0 robe (worn)
 h - a +0 robe
   (You found it on level 1 of the Dungeon)
 i - a +0 leather armour
   (You found it on level 1 of the Dungeon)
Jewellery
 j - an amulet of guardian spirit
   (You found it on level 1 of the Dungeon)
Scrolls
 c - 2 scrolls of identify {unknown}
 g - 2 scrolls of amnesia {unknown}
Potions
 b - 2 potions of magic
 k - a potion of curing {unknown}

Dungeon Overview and Level Annotations

Branches:
Dungeon (2/15) Zot: 11135

Altars:

Annotations:
D:2 Terence

###...#
###.#
#.# #.#
#.# #.#
#.##
#..#####
##...@.#
#####.#
[@. ##..
##


You could see Terence.


Message History

Unknown command.
You are too injured to fight recklessly!
Unknown command.
Casting: Sandblast (safe; 5% risk of failure)
Confirm with . or Enter, or press ? or * to list all spells.
Aiming: Sandblast (safe; 5% risk of failure)
Press: ? - help, Shift-Dir - straight line, f/p - dart slug
Aim: a dart slug (almost dead, 100% to hit)
The blast of sand hits the dart slug!
You kill the dart slug!
Memorise Passwall, consuming 2 spell levels and leaving 3?
You start memorising the spell.
You continue memorising. x2
You finish memorising.
Spell assigned to 'b'.
Unknown command.
An endoplasm comes into view.
Danger!
The blast of sand hits the endoplasm!
You kill the endoplasm!
Unknown command.
You can't see any susceptible monsters within range! (Use Z to cast anyway.)
You see here a +0 dagger {short}.
You see here a +0 dagger {short}.
g - 2 scrolls labelled VOSOFU ACOIHO (gained 1)
You now have 26 gold pieces (gained 11).
A kobold comes into view. It is wielding a +0 dagger.
Danger!
The blast of sand hits the kobold.
You kill the kobold!
d - 10 stones {throwing} (gained 1)
You see here a +0 dagger {short}.
Things that are here:
a +0 dagger {short}; a goblin skeleton
h - a +0 robe A ball python comes into view.
Danger!
The blast of sand hits the ball python!
You kill the ball python!
i - a +0 leather armour You now have 35 gold pieces (gained 9).
A goblin comes into view. It is wielding a +0 dagger.
You see here a book of Geomancy.
Danger!
Unknown command.
The blast of sand hits the goblin!
You kill the goblin!
You pick up a book of Geomancy and begin reading...
Unfortunately, you learned nothing new.
Unknown command.
Found a stone staircase leading down.
j - an amulet of guardian spirit Unknown command.
Found an escape hatch in the floor.
Unknown command.
b - 2 potions of magic (gained 1)
You now have 48 gold pieces (gained 13).
There is an escape hatch in the floor here.
d - 12 stones {throwing} (gained 2) Partly explored, can't reach some items.
Partly explored, can't reach some items.
(D) Dungeon
Where to? (? - help)
There is a stone staircase leading down here.
You climb downwards.
There is a stone staircase leading up here.
Unknown command.
Unknown command.
Unknown command.
A ball python comes into view.
Danger!
The blast of sand hits the ball python!
You kill the ball python!
Found a stone staircase leading down.
Unknown command.
There is a stone staircase leading down here.
k - a red potion Unknown command.
A rat comes into view.
Danger!
The blast of sand hits the rat!
You kill the rat!
Terence the Incautious comes into view.
He is wielding a +0 trident and carrying a wand of roots (2).
Danger!
The blast of sand hits Terence!
Terence shouts!
Unknown command.
The blast of sand hits Terence but does no damage.
Terence says, "Rest in peace."
Terence barely misses you.
The blast of sand misses Terence.
Terence zaps a wand.
The roots erupt in riotous growth!
The grasping roots grab you! The grasping roots constrict you.
The blast of sand hits Terence but does no damage.
Terence completely misses you. The grasping roots constrict you.
Terence hits you from afar with a +0 trident!
Ouch! That really hurt!
* * * LOW HITPOINT WARNING * * *
The grasping roots constrict you.
You die...

Skill      XL: |  1 |
---------------+----+-----
Stealth        | 3 |  3.4
Dodging        | |  2.4
Spellcasting   | |  2.6
Transmutations | |  1.0
Earth Magic    | |  3.3

Action                   || total
-------------------------++-------
Melee: Short sword       ||     2
 Cast: Sandblast         ||    21
 Stab: Sleeping          ||     1
Dodge: Dodged            ||     3

Levels and vault maps discovered:
D:1:      shiori_arrival_oz, layout_rooms
D:2:      layout_basic, minivault_23, uniq_terence

Notes
Turn   | Place    | Note
-------+----------+-------------------------------------------
     0 | D:1      | Sobieck the Kobold Earth Elementalist began the quest for
                  | the Orb.
     0 | D:1      | Reached XP level 1. HP: 10/10 MP: 3/3
   183 | D:1      | Reached skill level 3 in Stealth
   221 | D:1      | Reached XP level 2. HP: 15/15 MP: 3/5
   319 | D:1      | Learned a level 2 spell: Passwall
   609 | D:1      | You pick up a book of Geomancy and begin reading...
   850 | D:2      | Noticed Terence
   854 | D:2      | HP: 2/15 [Terence/+0 trident (8)]
   854 | D:2      | Constricted to death by Terence

Vanquished Creatures
  A dart slug (D:1)
  A bat (D:1)
  2 endoplasms (D:1)
  A giant cockroach (D:1)
  2 goblins (D:1)
  A hobgoblin (D:1)
  3 kobolds (D:1)
  2 ball pythons
  2 rats
15 creatures vanquished.

Table legend:
 A = Non-vault XP
 B = Vault XP
 C = Vault XP percentage of total XP
 D = Non-vault monster count
 E = Vault monster count
 F = Vault count percentage of total count
                 A         B        C        D         E       F
            +---------+---------+-------+---------+---------+-------
      Total |      25 |       2 |   7.4 |      14 |       1 |   6.7
            +---------+---------+-------+---------+---------+-------
        D:1 |      22 |       2 |   8.3 |      12 |       1 |   7.7
        D:2 |       3 |       0 |   0.0 |       2 |       0 |   0.0
            +---------+---------+-------+---------+---------+-------

Illustrated notes

Table legend:
 A = Kills in this place as a percentage of kills in entire the game.
 B = Kills by you in this place as a percentage of kills by you in the entire game.
 C = Kills by friends in this place as a percentage of kills by friends in the entire game.
 D = Other kills in this place as a percentage of other kills in the entire game.
 E = Experience gained in this place as a percentage of experience gained in the entire game.
 F = Experience gained in this place divided by the number of levels of this place that you have seen.
                   A       B       C       D       E      F
               +-------+-------+-------+-------+-------+----------------------
         Total | 100.0 | 100.0 |   N/A |   N/A | 100.0 |  13.5
       Dungeon | 100.0 | 100.0 |   N/A |   N/A | 100.0 |  13.5
               +-------+-------+-------+-------+-------+----------------------

Table legend: (Time is in decaauts)
 A = Elapsed time spent in this place.
 B = Non-inter-level travel time spent in this place.
 C = Inter-level travel time spent in this place.
 D = Time resting spent in this place.
 E = Time spent auto-exploring this place.
 F = Levels seen in this place.
 G = Mean time per level.
                   A        B        C        D        E       F      G
               +--------+--------+--------+--------+--------+-----+--------+
         Total |    863 |    850 |     13 |      0 |    785 |   2 |  431.5 |
       Dungeon |    863 |    850 |     13 |      0 |    785 |   2 |  431.5 |
               +--------+--------+--------+--------+--------+-----+--------+

Top non-repeatable levels by time:
     D:1: 751 daAuts
     D:2: 112 daAuts
